 Dungeon Sprint DCSS version 0.28-a0-631-g0446da8ef9 (webtiles) character file.

Game seed: 16630806262321349185

10000000 Colgate the Archmage (level 27, -1/228 HPs)
             Began as a Djinni Warper on Oct 10, 2021.
             Was the Champion of Makhleb.
             Killed by the air
             ... invoked by a tyrant
              (46 damage)
             ... in the Dungeon (Sprint VIII: "Arena of Blood").
             The game lasted 00:09:33 (100 turns).

Colgate the Archmage (Djinni Warper)                 Turns: 100, Time: 00:09:34

Health: -1/228     AC:  6    Str: 10    XL:     27
Gold:   0          EV: 35    Int: 17    God:    Makhleb [******] SH:  0 Dex: 24

rFire   + + .      SeeInvis .   i - +∞ Axe of Woe
rCold   x . .      Faith    .   (shield currently unavailable)
rNeg    . . .      Spirit   .   b - +0 leather armour
rPois   ∞          Reflect  .   (no helmet)
rElec   .          Harm     .   (no cloak)
rCorr   .          Rampage  .   (no gloves)
Will    ++...      NoTele   +   (boots unavailable)
Stlth   ++++++++++              (no amulet)
HPRegen 0.48/turn               (no ring)
MPRegen 0.00/turn               (no ring)

@: flying, slowed, very slow
A: sickness immunity, fire resistance 2, cold vulnerability 1, float, innate
caster, hp casting, extra vitality 1
a: Renounce Religion, Minor Destruction, Lesser Servant of Makhleb, Major
Destruction, Greater Servant of Makhleb


You were in the Dungeon.
You worshipped Makhleb.
Makhleb was exalted by your worship.
You visited 1 branch

Inventory:

Hand Weapons
 a - a +0 hand axe
 i - the +∞ Axe of Woe (weapon)
   (You found it in the Dungeon)
Missiles
 d - 5 boomerangs of dispersal
Armour
 b - a +0 leather armour (worn)
Scrolls
 c - 2 scrolls of blinking
Potions
 e - a potion of curing
 f - a potion of heal wounds
 g - a potion of haste
 h - a potion of berserk rage


   Skills:
 O Level 27 Fighting
 O Level 27 Short Blades
 O Level 27 Long Blades
 O Level 27 Axes
 O Level 27 Maces & Flails
 O Level 27 Polearms
 O Level 27 Staves
 O Level 27 Slings
 O Level 27 Bows
 O Level 27 Crossbows
 O Level 27 Throwing
 O Level 27 Armour
 O Level 27 Dodging
 O Level 27 Stealth
 O Level 27 Shields
 O Level 27 Unarmed Combat
 O Level 27 Spellcasting
 O Level 27 Invocations
 O Level 27 Evocations


You couldn't memorise any spells.
You knew the following spells:

 Your Spells              Type           Power      Damage    Failure   Level
a - Blink                 Tloc           N/A        N/A       0%          2
b - Lesser Beckoning      Tloc           86%        N/A       0%          3
c - Gell's Gravitas       Tloc           43%        N/A       0%          3
d - Teleport Other        Tloc           86%        N/A       0%          3
e - Manifold Assault      Tloc           86%        N/A       0%          5
f - Foxfire               Conj/Fire      100%       2x1d9     0%          1
g - Corpse Rot            Necr/Air       N/A        N/A       0%          2
h - Stone Arrow           Conj/Erth      100%       3d13      0%          3
i - Petrify               Tmut/Erth      86%        N/A       0%          4
j - Passage of Golubria   Tloc           N/A        N/A       0%          4
k - Freezing Cloud        Conj/Ice/Air   43%        6-21      0%          5
l - Conjure Ball Lightni  Conj/Air       43%        3x3d15    0%          6
m - Summon Cactus Giant   Summ           43%        N/A       0%          6
n - Summon Hydra          Summ           43%        N/A       1%          7
o - Discord               Hex            43%        N/A       1%          8
p - Infestation           Necr           43%        N/A       1%          8
q - Dragon's Call         Summ           43%        N/A       2%          9
r - Death's Door          Necr           43%        N/A       2%          9
Your spell library was empty.

Dungeon Overview and Level Annotations

Branches:
Dungeon (1/1)

Altars:
Makhleb


Innate Abilities, Weirdness & Mutations

You are immune to sickness and miasma.
You are immune to poison.
Your flesh is very heat resistant. (rF++)
You are vulnerable to cold. (rC-)
You float through the air rather than walking.
You learn spells naturally, not from books.
Your magical power is your life essence.
You have superior vitality. (+4 HP)


Message History

The destroyer gestures at you while chanting.
The destroyer blinks!
A bag of meat comes into view. It is wielding a +9 war axe. x2
You chop the bag of meat into pieces!!!
You fatally mangle the bag of meat.
You kill the bag of meat!
Makhleb accepts your kill.
You feel better.
You hit the destroyer.
You cleave the destroyer in twain.
You destroy the destroyer!
Makhleb accepts your kill.
You feel better.
You hit something.
You cleave something in twain.
Makhleb accepts your kill.
You feel better.
Reactivating autopickup.
You feel a bit more experienced.
You hear a shout! x2
A destroyer comes into view. It is wielding a +9 vorpal great sword.
You feel something staring at you.
A fireball appears from out of thin air!
The fireball explodes!
Deactivating autopickup; reactivate with Ctrl-A.
The fireball engulfs you!! You resist. The fireball engulfs your balrug.
Your balrug completely resists.
The bag of meat is engulfed in poison gas.
The bag of meat is poisoned.
Something hits your balrug!
The eight-headed meat hydra calls on the powers of darkness!
The eight-headed meat hydra convulses!
The bag of meat convulses! x2
The meat berserker convulses!
Your body is wracked with pain!
* * * LOW HITPOINT WARNING * * *
The meat berserker is engulfed in poison gas.
The meat berserker looks even sicker.
The meat berserker is engulfed in poison gas.
The meat berserker looks even sicker.
Your green death hits the meat berserker.
Your balrug gestures at the bag of meat.
Your green death is smitten.
Your green death dies!
Your green death disappears in a puff of smoke!
The tyrant waves its bony arms in wide circles.
The air twists around and strikes you!!!
You die... ) ......)X. )).V .)...))VL )o.. .....)o.. ).). #..)).DL# ))#ooo

#.))o.))#
)....)###)†.....###.
†L.X.§2)§))###......
)..#.O{))O..V......
#)..o○2@#)....#.
))).O.{))#_.<._#
)#.o§oO○.#..)..#
)..#.°oM°○.._).....
))o..{°○○O°###).....
))W)).###°☼. ..###.
o...) #.o† ..# .....
#... .# ..... ..


You could see an accursed, a meat beast (fast), 2 tyrants, an eight-headed meat
hydra, 3 destroyers, a large abomination (summoned), a dread, 5 meat berserkers,
13 bags of meat and a friendly balrug (summoned).

Vanquished Creatures
  6 hell beasts (D)
  3 royal mummies (D)
  3 wraiths (D)
  Harold (D)
  9 vampire knights (D)
  41 ogres (D)
  2 two-headed ogres (D)
  5 liches (D)
  7 hydras (D)
  56 orcs (D)
  3 phantoms (D)
  8 skeletal warriors (D)
144 creatures vanquished.

Notes
Turn   | Place    | Note
-------+----------+-------------------------------------------
     0 | D        | Found the +∞ Axe of Woe
     0 | D        | Colgate the Djinni Warper began the quest for the Orb.
     0 | D        | Reached XP level 1. HP: 18/18 MP: 0/0
     3 | D        | Became a worshipper of Makhleb the Destroyer
     4 | D        | Noticed a bag of meat
     5 | D        | Noticed a bag of meat
     5 | D        | Noticed a bag of meat
     5 | D        | Noticed a bag of meat
     5 | D        | Noticed a bag of meat
     5 | D        | Noticed a bag of meat
     7 | D        | Noticed a bag of meat
     8 | D        | Killed a bag of meat
     8 | D        | Killed a bag of meat
     8 | D        | Reached * piety under Makhleb
     8 | D        | Noticed a bag of meat
     9 | D        | Reached skill level 10 in Fighting
     9 | D        | Reached skill level 10 in Axes
     9 | D        | Reached XP level 2. HP: 36/36 MP: 0/0
     9 | D        | Reached XP level 3. HP: 41/41 MP: 0/0
     9 | D        | Learned a level 1 spell: Foxfire
     9 | D        | Reached XP level 4. HP: 48/48 MP: 0/0
     9 | D        | Reached XP level 5. HP: 52/52 MP: 0/0
     9 | D        | Learned a level 2 spell: Corpse Rot
     9 | D        | Reached XP level 6. HP: 58/58 MP: 0/0
     9 | D        | Reached XP level 7. HP: 64/64 MP: 0/0
     9 | D        | Learned a level 3 spell: Stone Arrow
     9 | D        | Reached XP level 8. HP: 70/70 MP: 0/0
     9 | D        | Reached XP level 9. HP: 75/75 MP: 0/0
     9 | D        | Learned a level 4 spell: Petrify
     9 | D        | Reached XP level 10. HP: 81/81 MP: 0/0
     9 | D        | Reached XP level 11. HP: 86/86 MP: 0/0
     9 | D        | Learned a level 4 spell: Passage of Golubria
     9 | D        | Reached XP level 12. HP: 93/93 MP: 0/0
     9 | D        | Killed a bag of meat
     9 | D        | Killed a bag of meat
    10 | D        | Reached XP level 13. HP: 102/102 MP: 0/0
    10 | D        | Learned a level 5 spell: Freezing Cloud
    10 | D        | Killed a bag of meat
    10 | D        | Reached ** piety under Makhleb
    10 | D        | Noticed a meat berserker
    10 | D        | Noticed a meat berserker
    10 | D        | Noticed a meat berserker
    11 | D        | Reached XP level 14. HP: 110/110 MP: 0/0
    11 | D        | Killed a bag of meat
    11 | D        | Killed a bag of meat
    11 | D        | Noticed a bag of meat
    12 | D        | Noticed a bag of meat
    12 | D        | Killed a bag of meat
    12 | D        | Reached *** piety under Makhleb
    12 | D        | Noticed a bag of meat
    12 | D        | Noticed a bag of meat
    13 | D        | Reached skill level 15 in Axes
    13 | D        | Reached skill level 15 in Dodging
    13 | D        | Reached XP level 15. HP: 118/118 MP: 0/0
    13 | D        | Learned a level 6 spell: Conjure Ball Lightning
    13 | D        | Killed a meat berserker
    13 | D        | Reached **** piety under Makhleb
    14 | D        | Reached skill level 5 in Throwing
    14 | D        | Reached XP level 16. HP: 128/128 MP: 0/0
    14 | D        | Killed a meat berserker
    14 | D        | Reached ***** piety under Makhleb
    14 | D        | Noticed a meat berserker
    15 | D        | Reached skill level 5 in Armour
    15 | D        | Reached skill level 27 in Spellcasting
    15 | D        | Reached XP level 17. HP: 139/139 MP: 0/0
    15 | D        | Learned a level 6 spell: Summon Cactus Giant
    15 | D        | Killed a meat berserker
    16 | D        | Reached XP level 18. HP: 153/153 MP: 0/0
    16 | D        | Killed a meat berserker
    16 | D        | Reached ****** piety under Makhleb
    16 | D        | Noticed a meat berserker
    17 | D        | Reached skill level 27 in Axes
    17 | D        | Killed a meat berserker
    17 | D        | Noticed a destroyer
    17 | D        | Noticed a meat berserker
    18 | D        | Reached skill level 10 in Armour
    18 | D        | Reached XP level 19. HP: 173/173 MP: 0/0
    18 | D        | Learned a level 7 spell: Summon Hydra
    18 | D        | Killed a meat berserker
    18 | D        | Killed a destroyer
    18 | D        | Noticed a meat berserker
    19 | D        | Reached skill level 27 in Fighting
    19 | D        | Reached skill level 27 in Dodging
    19 | D        | Noticed a destroyer
    19 | D        | Killed a destroyer
    19 | D        | Killed a meat berserker
    20 | D        | Reached XP level 20. HP: 181/181 MP: 0/0
    20 | D        | Noticed a meat berserker
    20 | D        | Noticed a meat berserker
    21 | D        | Killed a meat berserker
    21 | D        | Killed a meat berserker
    22 | D        | Reached skill level 27 in Armour
    22 | D        | Noticed a meat berserker
    22 | D        | Noticed a large bag of meat
    23 | D        | Killed a large bag of meat
    23 | D        | Killed a meat berserker
    24 | D        | Reached skill level 27 in Throwing
    24 | D        | Reached XP level 21. HP: 187/187 MP: 0/0
    24 | D        | Learned a level 8 spell: Discord
    26 | D        | Reached skill level 5 in Short Blades
    26 | D        | Reached skill level 5 in Long Blades
    26 | D        | Reached skill level 5 in Maces & Flails
    26 | D        | Reached skill level 5 in Polearms
    26 | D        | Reached skill level 5 in Staves
    26 | D        | Reached skill level 5 in Slings
    26 | D        | Reached skill level 5 in Bows
    26 | D        | Reached skill level 5 in Crossbows
    26 | D        | Reached skill level 5 in Stealth
    26 | D        | Reached skill level 5 in Shields
    26 | D        | Reached skill level 5 in Unarmed Combat
    26 | D        | Reached skill level 5 in Invocations
    26 | D        | Reached skill level 5 in Evocations
    27 | D        | Reached XP level 22. HP: 194/194 MP: 0/0
    27 | D        | Noticed The Servant
    28 | D        | Killed The Servant
    28 | D        | Noticed a meat berserker
    29 | D        | Killed a meat berserker
    29 | D        | Noticed a meat berserker
    30 | D        | Killed a meat berserker
    31 | D        | Reached skill level 10 in Short Blades
    31 | D        | Reached skill level 10 in Long Blades
    31 | D        | Reached skill level 10 in Maces & Flails
    31 | D        | Reached skill level 10 in Polearms
    31 | D        | Reached skill level 10 in Staves
    31 | D        | Reached skill level 10 in Slings
    31 | D        | Reached skill level 10 in Bows
    31 | D        | Reached skill level 10 in Crossbows
    31 | D        | Reached skill level 10 in Stealth
    31 | D        | Noticed a destroyer
    32 | D        | Reached XP level 23. HP: 201/201 MP: 0/0
    32 | D        | Learned a level 8 spell: Infestation
    32 | D        | Killed a destroyer
    36 | D        | Reached XP level 24. HP: 208/208 MP: 0/0
    39 | D        | Reached skill level 15 in Shields
    39 | D        | Reached skill level 15 in Unarmed Combat
    39 | D        | Reached skill level 15 in Invocations
    39 | D        | Reached skill level 15 in Evocations
    43 | D        | Noticed a destroyer
    43 | D        | Killed a destroyer
    43 | D        | Noticed a destroyer
    44 | D        | Reached skill level 27 in Invocations
    44 | D        | Reached XP level 25. HP: 214/214 MP: 0/0
    44 | D        | Learned a level 9 spell: Dragon's Call
    44 | D        | Killed a destroyer
    45 | D        | Reached skill level 15 in Maces & Flails
    45 | D        | Reached skill level 15 in Polearms
    45 | D        | Reached skill level 15 in Slings
    45 | D        | Reached skill level 15 in Bows
    45 | D        | Reached skill level 15 in Crossbows
    46 | D        | Noticed a tyrant
    47 | D        | Killed a tyrant
    49 | D        | Reached XP level 26. HP: 221/221 MP: 0/0
    50 | D        | Noticed an accursed
    50 | D        | Killed an accursed
    55 | D        | Noticed a tyrant
    56 | D        | Killed a tyrant
    59 | D        | Reached XP level 27. HP: 228/228 MP: 0/0
    59 | D        | Learned a level 9 spell: Death's Door
    64 | D        | Noticed a tyrant
    65 | D        | Killed a tyrant
    68 | D        | Noticed a tyrant
    69 | D        | Killed a tyrant
    72 | D        | Noticed a dread
    72 | D        | Noticed an accursed
    73 | D        | Noticed a meat beast
    73 | D        | Killed a meat beast
    73 | D        | Killed a dread
    73 | D        | Killed an accursed
    74 | D        | Reached skill level 27 in Long Blades
    74 | D        | Reached skill level 27 in Shields
    74 | D        | Reached skill level 27 in Unarmed Combat
    74 | D        | Reached skill level 27 in Evocations
    75 | D        | Reached skill level 27 in Short Blades
    76 | D        | Reached skill level 27 in Staves
    76 | D        | Reached skill level 27 in Stealth
    78 | D        | Reached skill level 27 in Maces & Flails
    78 | D        | Reached skill level 27 in Polearms
    78 | D        | Reached skill level 27 in Slings
    78 | D        | Reached skill level 27 in Bows
    78 | D        | Reached skill level 27 in Crossbows
    80 | D        | Noticed a large bag of meat
    81 | D        | Killed a large bag of meat
    81 | D        | Noticed a dread
    82 | D        | Killed a dread
    86 | D        | Noticed a destroyer
    86 | D        | Killed a destroyer
    87 | D        | Noticed a dread
    88 | D        | Killed a dread
    90 | D        | Noticed a meat beast
    90 | D        | Noticed a tyrant
    90 | D        | Killed a tyrant
    91 | D        | Killed a meat beast
    92 | D        | Noticed a destroyer
    92 | D        | Noticed an accursed
    92 | D        | Noticed a meat beast
    92 | D        | Noticed a meat beast
    94 | D        | Noticed a tyrant
    94 | D        | Noticed a meat beast
    95 | D        | Killed a destroyer
    95 | D        | Noticed a meat beast
    96 | D        | Noticed a destroyer
    97 | D        | Noticed a destroyer
    97 | D        | Killed a meat beast
    97 | D        | Killed a meat beast
    97 | D        | Noticed a dread
    98 | D        | Killed a destroyer
    99 | D        | Noticed a destroyer
    99 | D        | Killed a meat beast
    99 | D        | Killed a meat beast
    99 | D        | Killed an accursed
    99 | D        | Noticed a meat beast
    99 | D        | Noticed a tyrant
    99 | D        | Noticed a destroyer
   100 | D        | Noticed an accursed
   100 | D        | Killed a destroyer
   100 | D        | Noticed a destroyer
   100 | D        | Killed from afar by a tyrant

Illustrated notes

Levels and vault maps discovered:
D:        meatsprint

Skill      XL: |  1  2  3  4  5  6  7  8  9 10 11 12 13 14 15 16 17 18 19 20 21 22 23 24 25 26 27 |
---------------+----------------------------------------------------------------------------------+-----
Fighting       | 10 12 13 14 16 18 21 26 27 | 27.0
Axes           | 10 12 13 15 17 21 26 27 | 27.0
Throwing       | 3 4 5 6 7 16 27 | 27.0
Armour         | 3 4 5 7 10 24 27 | 27.0
Dodging        | 11 13 15 16 17 19 23 27 | 27.0
Spellcasting   | 17 20 21 23 25 27 | 27.0
Short Blades   | 6 11 14 18 21 27 | 27.0
Long Blades    | 6 11 14 18 21 27 | 27.0
Maces & Flails | 5 10 13 17 19 27 | 27.0
Polearms       | 5 10 13 17 19 27 | 27.0
Staves         | 6 11 14 18 20 27 | 27.0
Slings         | 5 10 13 17 19 27 | 27.0
Bows           | 5 10 13 16 19 27 | 27.0
Crossbows      | 5 10 13 16 19 27 | 27.0
Stealth        | 6 11 14 18 20 27 | 27.0
Shields        | 6 11 14 15 19 22 27 | 27.0
Unarmed Combat | 6 11 14 15 19 22 27 | 27.0
Invocations    | 6 11 14 27 | 27.0
Evocations     | 6 11 14 15 19 22 27 | 27.0

Action                   |  1- 3 |  4- 6 |  7- 9 | 10-12 | 13-15 | 16-18 | 19-21 | 22-24 | 25-27 || total
-------------------------+-------+-------+-------+-------+-------+-------+-------+-------+-------++-------
Melee: Executioner's axe |     1 |       |       |     1 |     6 |    12 |    14 |    24 |    86 ||   144
 Cast: Manifold Assault  |       |       |       |       |     1 |     4 |     7 |    15 |    38 ||    65
       Summon Hydra      |       |       |       |       |       |       |     1 |       |       ||     1
Invok: Greater Servant o |       |       |       |       |       |       |       |     2 |    11 ||    13
Dodge: Dodged            |       |       |       |       |       |       |       |       |    11 ||    11

Table legend: (Time is in decaauts)
 A = Elapsed time spent in this place.
 B = Non-inter-level travel time spent in this place.
 C = Inter-level travel time spent in this place.
 D = Time resting spent in this place.
 E = Time spent auto-exploring this place.
 F = Levels seen in this place.
 G = Mean time per level.
                   A        B        C        D        E       F      G
               +--------+--------+--------+--------+--------+-----+--------+
         Total |     81 |     81 |      0 |      0 |      0 |   1 |   81.0 |
       Dungeon |     81 |     81 |      0 |      0 |      0 |   1 |   81.0 |
               +--------+--------+--------+--------+--------+-----+--------+

Top non-repeatable levels by time:
       D: 81 daAuts
